 Dungeon Crawl Stone Soup version 0.27-a0-948-gec3affb (webtiles) character file.

Game seed: 5779869064390602001

30904 Nithhogg the Demolition Demonspawn (level 13, -2/104 HPs)
             Began as a Demonspawn Fighter on Apr 11, 2021.
             Was an Elder of Makhleb.
             Slain by Agnes
             ... wielding a +0 lajatang
              (19 damage)
             ... on level 13 of the Dungeon.
             The game lasted 00:34:08 (22181 turns).

Nithhogg the Demolition Demonspawn (DsFi)          Turns: 22181, Time: 00:34:09

Health: -2/104     AC: 33    Str: 25    XL:     13   Next: 23%
Magic:  22/22      EV:  4    Int: 18    God:    Makhleb [****..]
Gold:   925        SH: 28    Dex: 14    Spells: 12/12 levels left

rFire    . . .     SeeInvis .   H - +7 dagger (venom)
rCold    . . .     Faith    .   I - +1 tower shield {rPois}
rNeg     . . .     Spirit   .   u - +3 plate armour of Hangman {Int+3 Stlth+}
rPois    +         Reflect  +   (helmet restricted)
rElec    .         Harm     .   (no cloak)
rCorr    +         Rampage  .   (no gloves)
Will     .....                  (no boots)
Stlth    ..........             w - amulet of reflection
HPRegen  0.27/turn              E - +6 ring of intelligence
MPRegen  0.36/turn              F - ring of resist corrosion

@: sanguine armoured
A: horns 2, icemail 1, magic regeneration, sanguine armour 3, condensation
shield, strong 2, wild magic 1
a: Renounce Religion, Minor Destruction, Lesser Servant of Makhleb, Major
Destruction


You were on level 13 of the Dungeon.
You worshipped Makhleb.
Makhleb was greatly pleased with you.
You visited 2 branches of the dungeon, and saw 15 of its levels.
You also visited: Sewer.

You collected 1112 gold pieces.
You spent 187 gold pieces at shops.

Inventory:

Hand Weapons
 a - a +0 long sword
 h - a +2 falchion
 t - a +1 short sword of draining
 D - a +2 falchion of draining
 H - a +7 dagger of venom (weapon)
Missiles
 i - 4 curare-tipped darts
 G - 6 atropa-tipped darts
Armour
 b - a +0 scale mail
 c - a +0 kite shield
 u - the +3 plate armour of Hangman (worn) {Int+3 Stlth+}
   (You found it on level 4 of the Dungeon)

   It affects your intelligence (+3).
   It makes you more stealthy.
 I - a +1 tower shield of poison resistance (worn)
Jewellery
 d - a ring of magical power
 w - an amulet of reflection (around neck)
 y - a +4 ring of protection
 z - a ring of wizardry
 E - a +6 ring of intelligence (left hand)
 F - a ring of resist corrosion (right hand)
Wands
 q - a wand of random effects (60) (quivered)
 v - a wand of polymorph (22)
 A - a wand of iceblast (9)
Scrolls
 f - a scroll of immolation
 g - 2 scrolls of fog
 j - 5 scrolls of identify
 l - a scroll of blinking
 o - 6 scrolls of teleportation
 r - 2 scrolls of fear
 s - 4 scrolls of magic mapping
 J - a scroll of vulnerability {unknown}
 K - a scroll of enchant weapon
Potions
 e - a potion of curing
 k - 5 potions of magic
 m - 3 potions of flight
 n - 2 potions of brilliance
 p - a potion of attraction
 B - a potion of lignification
 C - a potion of haste
 L - a potion of heal wounds
Miscellaneous
 x - a phial of floods


   Skills:
 + Level 10.7 Fighting
 + Level 9.7 Long Blades
 + Level 9.9 Armour
 + Level 9.9 Shields
 + Level 12.9 Invocations


You had 12 spell levels left.
You didn't know any spells.
Your spell library contained the following spells:

 Spells                   Type           Power      Damage    Failure   Level
 Animate Skeleton         Necr           0%         N/A       100%        1
 Apportation              Tloc           0%         N/A       100%        1
 Beastly Appendage        Tmut           0%         N/A       100%        1
 Corona                   Hex            0%         N/A       100%        1
 Freeze                   Ice            0%         1d3       100%        1
 Magic Dart               Conj           0%         1d3       100%        1
 Summon Small Mammal      Summ           0%         N/A       100%        1
 Blink                    Tloc           N/A        N/A       100%        2
 Call Imp                 Summ           0%         N/A       100%        2
 Slow                     Hex            0%         N/A       100%        2
 Wereblood                Tmut           0%         N/A       100%        2
 Conjure Flame            Conj/Fire      0%         6-21      100%        3
 Frozen Ramparts          Ice            0%         1d2       100%        3
 Mephitic Cloud           Conj/Pois/Air  0%         N/A       100%        3
 Ozocubu's Armour         Ice            0%         N/A       100%        3
 Spider Form              Tmut/Pois      0%         N/A       100%        3
 Hailstorm                Conj/Ice       0%         3d3       100%        4
 Ice Form                 Ice/Tmut       0%         N/A       100%        4
 Hydra Form               Tmut           0%         N/A       100%        5
 Metabolic Englaciation   Hex/Ice        0%         N/A       100%        5


Dungeon Overview and Level Annotations

Branches:
Dungeon (14/15)            Temple (1/1) D:7            Lair (0/6) D:9
    Orc (0/2) D:12          Sewer (visited)
 Vaults: D:13-14

Altars:
Ashenzari
Cheibriados
Dithmenos
Elyvilon
Fedhas
Gozag
Hepliaklqana
Kikubaaqudgha
Makhleb
Nemelex Xobeh
Okawaru
Qazlal
Ru
Sif Muna
Trog
Uskayaw
Vehumet
Wu Jian
Xom
Yredelemnul
Zin
The Shining One
Beogh

Shops:
D:12 [

Annotations:
D:13 Agnes
D:14 Josephine


Innate Abilities, Weirdness & Mutations

You have a pair of horns on your head.
A meltable icy envelope protects you from harm. (AC +4)
You regenerate magic rapidly.
When seriously injured, your bleeding wounds create very thick armour. (AC +12)
A meltable shield of frost defends you. (SH +4)
Your muscles are very strong. (Str +4)
Your spells are a little harder to cast, but a little more powerful.


Message History

Your hellwing closely misses the purple ugly thing.
Your hellwing hits the purple ugly thing.
The purple ugly thing punches your hellwing!
Your hellwing hits the purple ugly thing!
Your hellwing hits the purple ugly thing.
The purple ugly thing punches your hellwing!
Your hellwing hits the purple ugly thing!
Your hellwing hits the purple ugly thing.
Things that are here:
a +0 giant club; a +0 giant club Your hellwing hits the purple ugly thing! x2
The purple ugly thing closely misses your hellwing.
Your hellwing hits the purple ugly thing!
Your hellwing barely misses the purple ugly thing.
The purple ugly thing barely misses your hellwing.
Your hellwing hits the purple ugly thing.
Your hellwing hits the purple ugly thing!
The purple ugly thing dies!
Makhleb accepts your kill. Something hits your hellwing!
Agnes hits your hellwing with a +0 lajatang!!
Your hellwing dies!
You start resting.
Agnes is nearby!
You closely miss Agnes. Your headbutt misses Agnes.
Agnes is moderately wounded.
You block Agnes's attack. x2
You hit Agnes.
Agnes is poisoned.
Agnes is moderately wounded.
You block Agnes's attack. x2
You closely miss Agnes.
Agnes is moderately wounded.
You block Agnes's attack.
You hit Agnes.
Agnes looks even sicker.
Your headbutt misses Agnes.
Agnes is moderately wounded.
You block Agnes's attack. x2
You hit Agnes.
Agnes looks as sick as possible!
Agnes is heavily wounded.
Agnes hits you with a +0 lajatang!!
You die...

#####'####### #########)##
#...........###..).......#
#...........'.#......i...#
####...........#.#..........#
...'...........#.#..........#
(###...(......^#.#..........#
.# #....[......#.#..........#
## #...........#.#..........#
# #...........#@#..........#
# #....[......#.i..........#
# #...........###..........#
############# #..........#
############


You could see Agnes (extremely poisoned).

Vanquished Creatures
  An orc warlord (D:7)
  A hydra (D:12)
  3 boulder beetles
  4 two-headed ogres
  A tengu warrior (D:10)
  Nergalle (D:12)
  A skeletal warrior (D:9)
  The ghost of Encipher the Unseen, a novice SpEn of Dithmenos (D:10)
  2 orc knights
  A deep elf pyromancer (D:13)
  3 ugly things
  4 cyclopes
  A manticore (D:12)
  4 gargoyles
  2 unseen horrors
  A tengu conjurer (D:10)
  A komodo dragon (D:12)
  3 trolls
  Prince Ribbit (D:8)
  A meliai zombie (D:11)
  3 flying skulls
  A wyvern (D:9)
  Sigmund (D:5)
  A water elemental (D:12)
  A shadow (D:8)
  2 wraiths
  17 yaks
  A vampire mosquito (D:12)
  14 wargs
  Menkaure (D:5)
  3 acid dragons
  4 water moccasins
  13 orc warriors
  A sky beast (D:8)
  A black bear (D:4)
  A hornet zombie (D:9)
  3 wolves (D:9)
  3 ice beasts
  2 necrophages (D:5)
  8 ogres
  5 centaurs
  A phantom (D:7)
  2 kobold brigands
  4 bullfrogs
  3 scorpions
  A wyvern zombie (D:6)
  A wyvern skeleton (D:9)
  3 water moccasin skeletons
  2 wights (D:9)
  3 killer bees (D:8)
  4 electric eels
  4 howler monkeys
  9 centaur zombies
  2 bullfrog zombies (D:5)
  7 hounds
  15 orc priests
  2 jellies
  A bullfrog skeleton (D:4)
  A gnoll shaman (D:5)
  Crazy Yiuf (D:5)
  3 iguanas
  5 orc wizards
  6 howler monkey zombies
  5 howler monkey skeletons (D:9)
  8 gnolls
  11 adders
  6 river rats
  2 shadow imps (D:7)
  An ufetubus (D:5)
  6 worms
  4 dart slugs
  101 orcs
  3 bats (D:2)
  6 endoplasms
  4 goblins
  8 hobgoblins
  6 jackals
  18 kobolds
  8 quokkas
  6 ball pythons
  9 frilled lizards
  15 rats
  A bush (D:1)
431 creatures vanquished.

Vanquished Creatures (collateral kills)
  A hydra (D:12)
  A skeletal warrior (D:9)
  An ugly thing (D:13)
  A flying skull (D:9)
  2 wraiths (D:9)
  A wight (D:9)
  A centaur skeleton (D:9)
  2 howler monkey zombies (D:9)
  A howler monkey skeleton (D:9)
  6 orcs (D:12)
17 creatures vanquished.

Vanquished Creatures (others)
  54 plants
54 creatures vanquished.

Grand Total: 502 creatures vanquished

Notes
Turn   | Place    | Note
-------+----------+-------------------------------------------
     0 | D:1      | Nithhogg the Demonspawn Fighter began the quest for the
                  | Orb.
     0 | D:1      | Reached XP level 1. HP: 18/18 MP: 1/1
   725 | D:1      | Gained mutation: When seriously injured, your bleeding
                  | wounds create armour. (AC +12) [demonic ancestry]
   725 | D:1      | Reached XP level 2. HP: 24/24 MP: 2/2
  1279 | D:2      | Reached skill level 1 in Invocations
  1883 | D:2      | Gained mutation: You regenerate magic rapidly. [demonic
                  | ancestry]
  1883 | D:2      | Reached XP level 3. HP: 8/29 MP: 2/4
  2131 | D:2      | Found a faded altar of an unknown god.
  2546 | D:2      | Gained mutation: You have a pair of small horns on your
                  | head. [demonic ancestry]
  2546 | D:2      | Reached XP level 4. HP: 35/35 MP: 5/5
  2576 | D:2      | Reached skill level 2 in Invocations
  4168 | D:4      | Gained mutation: A meltable shield of frost defends you.
                  | (SH +4) [demonic ancestry]
  4168 | D:4      | Reached XP level 5. HP: 40/42 MP: 5/7
  4239 | D:4      | Reached skill level 3 in Invocations
  4259 | D:4      | HP: 2/42 [orc/+0 club (4)]
  4260 | D:4      | Gained mutation: You have a pair of horns on your head.
                  | [demonic ancestry]
  4260 | D:4      | Reached XP level 6. HP: 2/48 MP: 8/8
  4571 | D:4      | Identified the +3 plate armour of Hangman {Int+3 Stlth+}
  5023 | D:5      | Entered Level 5 of the Dungeon
  5065 | D:4      | Reached skill level 4 in Invocations
  5072 | D:4      | Reached XP level 7. HP: 38/55 MP: 10/10
  5441 | D:5      | Reached skill level 5 in Fighting
  5441 | D:5      | Reached skill level 5 in Invocations
  5546 | D:5      | Reached XP level 8. HP: 35/62 MP: 11/11
  5873 | D:5      | Noticed Menkaure
  5877 | D:5      | Noticed Sigmund
  5880 | D:5      | Killed Menkaure
  5904 | D:5      | Reached skill level 5 in Armour
  5904 | D:5      | Reached skill level 5 in Shields
  5910 | D:5      | Reached skill level 6 in Invocations
  5918 | D:5      | Killed Sigmund
  5943 | D:5      | Reached skill level 5 in Long Blades
  5946 | D:5      | Gained mutation: When seriously injured, your bleeding
                  | wounds create thick armour. (AC +12) [demonic ancestry]
  5946 | D:5      | Reached XP level 9. HP: 25/69 MP: 13/13
  6008 | D:5      | Killed an unseen horror
  6009 | D:5      | Reached skill level 7 in Invocations
  6474 | D:5      | Found a runed translucent door.
  6475 | D:5      | Noticed Crazy Yiuf
  6485 | D:5      | Killed Crazy Yiuf
  6750 | D:6      | Found a glowing drain.
  6755 | Sewer    | Entered a sewer
  8363 | D:7      | Found a staircase to the Ecumenical Temple.
  8419 | Temple   | Entered the Ecumenical Temple
  8500 | Temple   | Became a worshipper of Makhleb the Destroyer
  8626 | D:7      | Reached skill level 8 in Invocations
  8679 | D:7      | Gained mutation: When seriously injured, your bleeding
                  | wounds create very thick armour. (AC +12) [demonic
                  | ancestry]
  8679 | D:7      | Reached XP level 10. HP: 14/79 MP: 16/16
  9335 | D:7      | Noticed an orc knight
  9390 | D:7      | Gained mutation: Your spells are a little harder to cast,
                  | but a little more powerful. [potion of mutation]
  9390 | D:7      | Gained mutation: Your muscles are strong. (Str +2) [potion
                  | of mutation]
  9390 | D:7      | Gained mutation: Your muscles are very strong. (Str +4)
                  | [potion of mutation]
  9745 | D:6      | Reached * piety under Makhleb
  9939 | D:7      | Killed an orc knight
  9940 | D:7      | Reached skill level 9 in Invocations
 10241 | D:7      | Noticed an orc warlord
 11584 | D:7      | Killed an orc warlord
 11718 | D:8      | Noticed Prince Ribbit
 11738 | D:8      | Reached ** piety under Makhleb
 11932 | D:8      | Killed Prince Ribbit
 11933 | D:8      | Gained mutation: A meltable icy envelope protects you from
                  | harm. (AC +4) [demonic ancestry]
 11933 | D:8      | Reached XP level 11. HP: 81/86 MP: 18/18
 12207 | D:8      | Found a shimmering blue altar of Sif Muna.
 12454 | D:8      | Reached skill level 10 in Invocations
 12510 | D:8      | Noticed a boulder beetle
 12542 | D:8      | Killed a boulder beetle
 12832 | D:9      | Noticed a skeletal warrior
 13599 | D:9      | Reached *** piety under Makhleb
 14355 | D:9      | Killed a skeletal warrior
 14934 | D:9      | Noticed a skeletal warrior
 14961 | D:9      | Killed a skeletal warrior
 15161 | D:9      | Reached skill level 11 in Invocations
 15810 | D:9      | Found a staircase to the Lair.
 15824 | D:9      | Noticed a two-headed ogre
 15838 | D:9      | Killed a two-headed ogre
 16692 | D:10     | Entered Level 10 of the Dungeon
 16846 | D:10     | Noticed a tengu warrior
 16854 | D:10     | Reached XP level 12. HP: 96/96 MP: 20/20
 16862 | D:10     | Killed a tengu warrior
 16987 | D:10     | Noticed a two-headed ogre
 16998 | D:10     | Killed a two-headed ogre
 17124 | D:10     | Found a runed translucent door.
 17133 | D:10     | Noticed a two-headed ogre
 17141 | D:10     | Killed a two-headed ogre
 17155 | D:10     | Noticed Encipher's ghost (novice SpEn)
 17187 | D:10     | Killed Encipher's ghost
 17888 | D:11     | Reached **** piety under Makhleb
 19202 | D:12     | Reached skill level 10 in Fighting
 19221 | D:12     | Reached skill level 12 in Invocations
 19474 | D:12     | Noticed an eight-headed hydra
 19515 | D:12     | Killed a 12-headed hydra
 19823 | D:12     | Noticed a boulder beetle
 19871 | D:12     | Killed a boulder beetle
 19930 | D:12     | Noticed Nergalle
 19938 | D:12     | Killed Nergalle
 20132 | D:12     | Found Zyzinin's Antique Armour Shoppe.
 20140 | D:12     | Bought a runed tower shield for 187 gold pieces
 20366 | D:12     | Found a staircase to the Orcish Mines.
 20738 | D:12     | Noticed a seven-headed hydra
 20749 | D:12     | Killed a seven-headed hydra
 20750 | D:12     | Reached XP level 13. HP: 68/104 MP: 22/22
 22140 | D:14     | Noticed Agnes
 22141 | D:14     | Noticed Josephine
 22181 | D:13     | Slain by Agnes

Illustrated notes

Levels and vault maps discovered:
D:1:      lemuel_arrival_behind_the_door_small, layout_loops_ring,
          serial_forest, infiniplex_forest_end_1, infiniplex_forest_lined_2,
          infiniplex_forest_zigzag_1, infiniplex_forest_fountain,
          infiniplex_forest_clump_curved, infiniplex_forest_corner_1,
          infiniplex_forest_straight_5, infiniplex_forest_end_double,
          infiniplex_forest_clump_tiny
D:2:      layout_rooms, basic_ecumenical_altar, minmay_increasing_density
D:3:      layout_basic
D:4:      layout_loops_ring, minivault_11
D:5:      cheibrodos_fzero, layout_rooms, abandoned_shop,
          uniq_crazy_yiuf_cottage, uniq_menkaure, uniq_sigmund
D:6:      layout_loops_corners, lightli_sewer_entry_pipes
D:7:      lemuel_castle_with_subvaults [lemuel_castle_interior_original],
          layout_gridville, minmay_temple_entry_proselytizer
D:8:      layout_gridville, lemuel_blue_sif_altar, uniq_prince_ribbit1
D:9:      hangedman_screamer, layout_loops_cross, erik_lair_island
D:10:     layout_irregular_city, ebering_ghost_reflecting_pool,
          dk_noncrumbling_4
D:11:     layout_roguey [special_room_orc]
D:12:     layout_loops_ring, david_orc_5, serial_bayou, serial_bayou_pond_a,
          serial_bayou_pond_e, serial_bayou_shore_b, serial_bayou_lagoon_a,
          serial_bayou_pond_a, serial_shops, shop, wad_rectangle_vault,
          uniq_nergalle
D:13:     layout_roguey, zin_academy
D:14:     nzn_winding_woodlands_three_and_one
          [nzn_winding_woodlands_5x15_split_checker,
          nzn_winding_woodlands_5x15_eye, nzn_winding_woodlands_5x15_crooked,
          nzn_winding_woodlands_center_diamonds], layout_rooms, david_vaults_1,
          good_gods_temple_1, uniq_josephine, uniq_agnes, uniq_jorgrun,
          uniq_frances
Temple:   dpeg_three_leaves_temple

Skill      XL: |  1  2  3  4  5  6  7  8  9 10 11 12 |
---------------+-------------------------------------+-----
Long Blades    | 2 3 4 5 6 7 8 9 |  9.7
Invocations    | 1 2 3 4 5 6 8 9 11 12 | 12.9
Armour         | 3 4 5 6 7 8 9 |  9.9
Shields        | 3 4 5 6 7 8 9 |  9.9
Fighting       | 4 5 6 7 8 9 10 | 10.7

Action                   |  1- 3 |  4- 6 |  7- 9 | 10-12 | 13-15 || total
-------------------------+-------+-------+-------+-------+-------++-------
Melee: Long sword        |   214 |    78 |       |       |       ||   292
       Headbutt          |       |    32 |    81 |   342 |    33 ||   488
       Short sword       |       |   100 |   306 |       |       ||   406
       Falchion          |       |       |   119 |  1108 |       ||  1227
       Dagger            |       |       |       |   111 |    98 ||   209
Invok: Lesser Servant of |       |       |       |     8 |     1 ||     9
       Minor Destruction |       |       |       |     3 |       ||     3
       Major Destruction |       |       |       |     1 |       ||     1
Evoke: Wand              |       |       |     9 |    44 |       ||    53
  Use: Potion            |     1 |       |     8 |    10 |       ||    19
       Scroll            |       |       |     8 |     8 |       ||    16
 Stab: Distracted        |       |       |       |     2 |       ||     2
       Paralysed         |       |       |       |     6 |       ||     6
Armor: Scale mail        |    65 |    58 |       |       |       ||   123
       Plate armour      |       |    39 |   226 |   704 |    23 ||   992
       Skin              |       |       |     9 |       |       ||     9
Dodge: Dodged            |    48 |    35 |    44 |   209 |     8 ||   344
Block: Kite shield       |    47 |   111 |   356 |  1270 |       ||  1784
       Reflection        |       |       |       |    15 |     1 ||    16
       Tower shield      |       |       |       |   171 |   109 ||   280
       Rpst.: Long sword |     8 |     3 |       |       |       ||    11
       Falchion          |       |       |     6 |    54 |       ||    60

Table legend: (Time is in decaauts)
 A = Elapsed time spent in this place.
 B = Non-inter-level travel time spent in this place.
 C = Inter-level travel time spent in this place.
 D = Time resting spent in this place.
 E = Time spent auto-exploring this place.
 F = Levels seen in this place.
 G = Mean time per level.
                   A        B        C        D        E       F      G
               +--------+--------+--------+--------+--------+-----+--------+
         Total |  22616 |  22031 |    585 |   2724 |  14748 |  16 | 1413.5 |
       Dungeon |  21928 |  21350 |    578 |   2724 |  14266 |  14 | 1566.3 |
        Temple |     88 |     81 |      7 |      0 |     62 |   1 |   88.0 |
         Sewer |    599 |    599 |      0 |      0 |    419 |   1 |  599.0 |
               +--------+--------+--------+--------+--------+-----+--------+

Top non-repeatable levels by time:
     D:9: 2568 daAuts
     D:8: 2528 daAuts
     D:6: 2374 daAuts
    D:12: 2272 daAuts
     D:7: 2075 daAuts
     D:2: 1943 daAuts
     D:5: 1539 daAuts
    D:10: 1386 daAuts
     D:1: 1219 daAuts
    D:11: 1084 daAuts
     D:3: 1083 daAuts
     D:4: 1075 daAuts
    D:13: 761 daAuts
   Sewer: 599 daAuts
  Temple: 88 daAuts
